 Dungeon Crawl Stone Soup version 0.32-a0-960-g3814254bd7 (webtiles) character file.

Game seed: 2403471670868458171

171 trashops the Chopper (level 5, -1/46 HPs)
             Began as a Mountain Dwarf Fighter on Apr 17, 2024.
             Slain by an iguana (5 damage)
             ... on level 4 of the Dungeon.
             The game lasted 00:04:01 (2150 turns).

trashops the Chopper (Mountain Dwarf Fighter)       Turns: 2150, Time: 00:04:02

Health: -1/46      AC:  8    Str: 19 (21) XL:     5   Next: 26%
Magic:  5/5        EV:  8    Int:  7 (8)  God:
Gold:   84         SH:  3    Dex:  6 (9)  Spells: 4/4 levels left

rFire   . . .        a - +1 war axe
rCold   . . .        c - +0 buckler
rNeg    . . .        b - +0 scale mail
rPois   .            (no helmet)
rElec   .            (no cloak)
rCorr   .            i - +0 pair of gloves
SInv    .            (no boots)
Will    .....        (no amulet) Stlth
                     (no ring)
HPRegen 0.27/turn    (no ring)
MPRegen 0.09/turn

%: no passive effects
@: no status effects
A: runic magic, artefact enchanting
a: no special abilities


You were on level 4 of the Dungeon.
You visited 1 branch of the dungeon, and saw 4 of its levels.

You collected 84 gold pieces.

Inventory:

Hand Weapons
 a - a +1 war axe (weapon)
Armour
 b - a +0 scale mail (worn)
 c - a +0 buckler (worn)
 i - a +0 pair of gloves (worn)
Scrolls
 f - a scroll of blinking {unknown}
 h - 2 scrolls of enchant armour {unknown}
 k - a scroll of identify
Potions
 d - a potion of might
 e - a potion of mutation
 g - a potion of haste {unknown}
 j - a potion of resistance


   Skills:
 * Level 4.2 Fighting
 * Level 5.1 Axes
 * Level 4.0 Armour
 + Level 3.7 Shields


You had 4 spell levels left.
You didn't know any spells.
Your spell library contained the following spells:

 Spells                   Type           Power      Damage    Failure   Level
 Passage of Golubria      Tloc           0%         N/A       100%        4
 Silence                  Hex/Air        0%         N/A       100%        5
 Lehudib's Crystal Spear  Conj/Erth      0%         10d2      100%        8


Dungeon Overview and Level Annotations

Branches:
Dungeon (4/15)
 Temple: D:4-7

Altars:
Qazlal


Innate Abilities, Weirdness & Mutations

Your spellcasting is much less encumbered by armour.
You can use scrolls of enchantment on lesser artefacts.


Message History

You closely miss the orc. The orc barely misses you.
You hit the orc.
The orc is almost dead.
The orc barely misses you. x2
You hit the orc.
You kill the orc!
Things that are here:
a +0 whip; a +0 leather armour; an orc corpse
h - 2 scrolls labelled KOMERA KIKKACW (gained 1)
Things that are here:
a +0 whip; a +0 leather armour; an orc corpse You now have 84 gold pieces (gained 9).
Done exploring.
Done exploring.
There is a stone staircase leading up here.
There is a stone staircase leading up here.
You climb upwards.
There is a stone staircase leading down here.
You climb downwards.
There is a stone staircase leading up here.
There is a stone staircase leading down here.
You climb downwards.
The iguana hisses angrily.
There is a stone staircase leading up here.
An iguana is nearby!
An iguana is nearby!
The iguana bites you!
You barely miss the iguana. The iguana closely misses you.
You barely miss the iguana. The iguana bites you!
You closely miss the iguana. The iguana closely misses you.
You hit the iguana but do no damage. The iguana bites you! x2
You barely miss the iguana. You block the iguana's attack.
You barely miss the iguana. The iguana bites you!
* * * LOW HITPOINT WARNING * * *
You slash the iguana!
The iguana is heavily wounded.
The iguana bites you.
* * * LOW HITPOINT WARNING * * *
The iguana bites you.
You die...

......
..... ....
##..#
#...#
###..#
###..<.# #
#...##.#.#
#.#...@..#
# #...l..#
#......#
########


You could see an iguana.

Vanquished Creatures
  A scorpion (D:2)
  3 adders
  3 dart slugs
  2 ribbon worms (D:3)
  2 orcs (D:3)
  3 ball pythons
  3 endoplasms
  6 giant cockroaches
  10 goblins
  6 hobgoblins
  6 jackals
  8 kobolds
  6 quokkas
  3 bats
  2 frilled lizards (D:2)
  5 rats (D:1)
69 creatures vanquished.

Notes
Turn   | Place    | Note
-------+----------+-------------------------------------------
     0 | D:1      | trashops the Mountain Dwarf Fighter began the quest for the
                  | Orb.
     0 | D:1      | Reached XP level 1. HP: 19/19 MP: 1/1
    42 | D:1      | Reached XP level 2. HP: 22/26 MP: 2/2
   219 | D:1      | Reached skill level 3 in Axes
   219 | D:1      | Reached XP level 3. HP: 31/33 MP: 3/3
   364 | D:1      | You fall into a shaft and drop 1 floor!
  1074 | D:2      | Noticed a scorpion
  1079 | D:2      | Reached skill level 4 in Axes
  1085 | D:2      | Killed a scorpion
  1086 | D:2      | Reached XP level 4. HP: 22/40 MP: 4/4
  1517 | D:3      | Reached XP level 5. HP: 44/46 MP: 5/5
  1669 | D:3      | Reached skill level 5 in Axes
  1677 | D:3      | Found a faded altar of an unknown god.
  1936 | D:3      | Found a stormy altar of Qazlal.
  2150 | D:4      | Slain by an iguana

Illustrated notes

Levels and vault maps discovered:
D:1:      dpeg_arrival_arbitrary_a, layout_basic
D:2:      layout_rooms
D:3:      layout_loops_ring, nicolae_overflow_crystal_walls,
          ebering_ecumenical_altar_webs, st_stairs_5
D:4:      layout_rooms, mainiacjoe_overflow_24_doors, serial_rivers,
          chequers_serial_rivers_large_b, chequers_serial_rivers_micro_e,
          chequers_serial_rivers_small_b, chequers_serial_rivers_small_3

Skill      XL: |  1  2  3  4  5 |
---------------+----------------+-----
Axes           | 3 4 5 |  5.1
Fighting       | 4 |  4.2
Armour         | 4 |  4.0
Shields        | |  3.7

Action                     |  1- 3 |  4- 6 || total
---------------------------+-------+-------++-------
  Melee: War axe           |   127 |    87 ||   214
    Use: Scroll            |       |     6 ||     6
         Potion            |       |     3 ||     3
 Armour: Scale mail        |   134 |    65 ||   199
  Dodge: Dodged            |    76 |    38 ||   114
  Block: Buckler           |    34 |    17 ||    51

Table legend: (Time is in decaauts)
 A = Elapsed time spent in this place.
 B = Non-inter-level travel time spent in this place.
 C = Inter-level travel time spent in this place.
 D = Time resting spent in this place.
 E = Time spent auto-exploring this place.
 F = Levels seen in this place.
 G = Mean time per level.
                   A        B        C        D        E       F      G
               +--------+--------+--------+--------+--------+-----+--------+
         Total |   2223 |   2074 |    149 |      0 |   1541 |   4 |  555.8 |
       Dungeon |   2223 |   2074 |    149 |      0 |   1541 |   4 |  555.8 |
               +--------+--------+--------+--------+--------+-----+--------+

Top non-repeatable levels by time:
     D:1: 827 daAuts
     D:3: 778 daAuts
     D:2: 606 daAuts
     D:4: 10 daAuts
